Map: Eternal Empire LE

Players

TLHarstem (Harstem)

  • Race: Protoss Protoss
  • League: Master
  • Spawn Location: 1:00

Geralt (Gerald) - Winner!

  • Race: Protoss Protoss
  • League: Grandmaster
  • Spawn Location: 7:00

Event: DreamHack SC2 Masters 2020 Fall

VOD

Have the link to the VOD?

Description

Time

  • Played on: Sept. 5, 2020, 12:17 p.m.
  • Length: 18:07

All games in this series

Show
View Real Time Build Order
Export as new Build Order

TLHarstem Protoss 

Build Orders: Nexus First, Phoenix Opening 

Get SALT Encoding   

  12  0:00  Probe  
  13  0:12  Probe  
  14  0:18  Pylon  
  14  0:25  Probe  
  15  0:37  Probe  
  16  0:49  Probe  
  17  0:58  Nexus  
  17  1:09  Gateway  
  17  1:12  Probe (Chrono Boost)  
  18  1:22  Probe (Chrono Boost)  
  18  1:23  Assimilator  
  19  1:27  Probe (Chrono Boost)  
  19  1:28  Assimilator  
  20  1:37  Gateway  
  20  1:40  Probe  
  21  1:52  Probe  
  22  1:55  Cybernetics Core  
  22  2:04  Probe  
  23  2:11  Probe  
  24  2:16  Probe  
  24  2:18  Zealot (Chrono Boost)  
  27  2:23  Probe  
  29  2:32  Shield Battery  
  30  2:37  Stalker (Chrono Boost)  
  30  2:38  Warp Gate  
  30  2:43  Stalker (Chrono Boost)  
  32  2:45  Probe  
  32  2:48  Pylon  
  33  2:52  Probe  
  33  2:57  Probe  
  35  3:04  Probe  
  36  3:09  Stalker, Probe  
  36  3:10  Sentry  
  40  3:17  Probe (Chrono Boost)  
  39  3:21  Probe (Chrono Boost)  
  39  3:25  Shield Battery  
  39  3:29  Probe (Chrono Boost)  
  39  3:33  Probe (Chrono Boost)  
  40  3:38  Probe (Chrono Boost)  
  40  3:39  Stalker  
  40  3:40  Probe (Chrono Boost)  
  43  3:47  Probe  
  45  3:50  Pylon  
  45  3:53  Probe  
  46  3:58  Phoenix  
  46  3:59  Pylon  
  46  4:06  Probe (Chrono Boost)  
  47  4:11  Probe (Chrono Boost)  
  47  4:19  Probe (Chrono Boost)  
  47  4:22  Twilight Council  
  49  4:25  Probe x2 (Chrono Boost)  
  49  4:27  Stalker x2  
  54  4:32  Probe  
  54  4:33  Probe  
  54  4:35  Pylon  
  55  4:45  Probe x2  
  57  4:46  Pylon  
  57  4:47  Assimilator  
  57  4:54  Stalker x2  
  57  4:57  Probe x2  
  57  4:58  Blink (Chrono Boost)  
  61  5:09  Probe x2  
  63  5:21  Probe x2  
  63  5:24  Robotics Facility  
  63  5:27  Gateway  
  63  5:28  Gateway  
  63  5:33  Forge, Probe x2  
  65  5:38  Sentry  
  67  5:45  Pylon x2  
  67  5:48  Nexus  
  67  5:53  Probe  
  68  6:03  Protoss Ground Weapons Level 1 (Chrono Boost)  
  68  6:05  Probe  
  68  6:06  Probe  
  70  6:11  Observer (Chrono Boost)  
  70  6:12  Stalker x2  
  70  6:16  Gateway  
  70  6:18  Gateway  
  75  6:19  Pylon  
  75  6:23  Stalker  
  75  6:24  Observer (Chrono Boost)  
  76  6:28  Probe  
  76  6:31  Probe  
  79  6:41  Probe  
  79  6:43  Photon Cannon, Probe  
  81  6:51  Warp Prism (Chrono Boost)  
  81  6:53  Probe  
  82  6:58  Sentry, Stalker  
  89  7:01  Probe x2  
  89  7:05  Probe  
  89  7:13  Probe (Chrono Boost)  
  87  7:21  Stalker x3  
  93  7:23  Probe (Chrono Boost)  
  93  7:28  Stalker  
  93  7:29  Stalker  
  97  7:32  Stalker  
  97  7:33  Probe  
  97  7:34  Probe  
  101  7:40  Probe  
  101  7:41  Charge  
  101  7:44  Pylon  
  101  7:45  Probe  
  101  7:46  Probe, Stalker  
  101  7:49  Zealot  
  107  7:55  Stalker x2  
  111  8:01  Probe  
  111  8:02  Probe, Pylon  
  111  8:03  Probe  
  111  8:05  Pylon  
  114  8:16  Stalker  
  95  8:31  Probe  
  95  8:33  Stalker x2  
  95  8:34  Probe, Stalker x3  
  100  8:35  Probe  
  100  8:41  Assimilator  
  100  8:43  Probe  
  100  8:45  Assimilator  
  100  8:46  Photon Cannon  
  101  8:48  Stalker  
  101  8:49  Protoss Ground Weapons Level 2 (Chrono Boost)  
  101  8:50  Nexus  
  101  8:51  Pylon  
  103  8:56  Probe  
  103  8:57  Zealot x2  
  103  8:59  Probe  
  103  9:02  Probe  
  110  9:09  Probe  
  111  9:10  Observer (Chrono Boost)  
  111  9:11  Zealot x2, Stalker  
  111  9:12  Probe  
  119  9:19  Unknown  
  119  9:22  Shield Battery  
  119  9:23  Probe  
  119  9:24  Robotics Bay, Photon Cannon  
  121  9:27  Probe  
  121  9:28  Photon Cannon  
  121  9:33  Probe  
  121  9:34  Sentry  
  124  9:40  Probe  
  124  9:41  Robotics Facility  
  124  9:44  Pylon  
  125  9:46  Probe x2  
  125  9:50  Pylon  
  127  9:55  Pylon  
  125  10:00  Nexus  
  125  10:11  Disruptor (Chrono Boost), Gravitic Boosters (Chrono Boost)  
  128  10:17  Gateway  
  128  10:18  Probe  
  128  10:19  Probe  
  128  10:21  Gateway  
  128  10:23  Stargate  
  128  10:27  Disruptor (Chrono Boost)  
  131  10:30  Pylon  
  131  10:31  Photon Cannon, Probe  
  131  10:33  Photon Cannon  
  132  10:36  Photon Cannon  
  132  10:38  Probe  
  132  10:40  Shield Battery, Observer (Chrono Boost), Photon Cannon  
  132  10:42  Pylon  
  134  10:46  Pylon  
  134  10:48  Photon Cannon  
  134  10:49  Pylon  
  134  10:50  Disruptor (Chrono Boost)  
  134  10:55  Disruptor (Chrono Boost)  
  137  11:01  Probe  
  137  11:02  Probe  
  142  11:05  Probe, Photon Cannon  
  142  11:07  Shield Battery  
  142  11:09  Pylon  
  143  11:12  Disruptor (Chrono Boost)  
  143  11:13  Fleet Beacon, Probe x2  
  143  11:15  Stargate  
  148  11:20  Stalker x3  
  148  11:23  Protoss Ground Weapons Level 3  
  154  11:31  Probe  
  155  11:34  Probe x4  
  155  11:36  Assimilator  
  155  11:39  Stargate  
  159  11:40  Protoss Air Weapons Level 1 (Chrono Boost)  
  159  11:41  Assimilator  
  159  11:43  Probe  
  159  11:46  Probe x2  
  162  11:50  Disruptor x2  
  162  11:53  Zealot x3, Stalker  
  162  11:54  Stalker  
  176  11:55  Photon Cannon  
  176  12:02  Tempest  
  179  12:19  Mothership (Chrono Boost)  
  186  12:31  Photon Cannon  
  186  12:32  Probe (Chrono Boost)  
  186  12:34  Photon Cannon  
  184  12:42  Zealot x2  
  184  12:44  Tempest  
  184  12:46  Probe  
  184  12:47  Zealot x3  
  184  12:48  Zealot  
  198  12:52  Pylon  
  195  12:58  Nexus  
  195  13:00  Tempest  
  200  13:08  Photon Cannon  
  200  13:11  Shield Battery  
  200  13:12  Disruptor  
  200  13:47  Disruptor  
  196  14:02  Photon Cannon  
  194  14:04  Photon Cannon  
  194  14:06  Pylon x2  
  194  14:07  Disruptor  
  195  14:23  Disruptor  
  198  14:25  Protoss Shields Level 1  
  195  14:42  Photon Cannon  
  195  14:43  Disruptor  
  195  14:44  Protoss Air Weapons Level 2  
  198  14:51  Oracle  
  199  14:59  Disruptor  
  196  15:00  Pylon  
  196  15:07  Nexus  
  196  15:17  Tempest  
  196  15:19  Disruptor  
  199  15:29  Pylon  
  199  15:32  Assimilator  
  191  15:42  Tempest  
  191  15:48  Disruptor, Assimilator  
  198  15:53  Photon Cannon  
  198  15:59  Photon Cannon  
  198  16:00  Shield Battery  
  198  16:05  Shield Battery  
  198  16:07  Shield Battery  
  198  16:08  Shield Battery  
  198  16:10  Pylon  
  198  16:11  Pylon  
  198  16:13  Photon Cannon  
  198  16:14  Shield Battery  
  198  16:26  Warp Prism  
  192  16:36  Tempest  
  170  17:02  Tempest (Chrono Boost)  
  170  17:04  Disruptor (Chrono Boost)  
  170  17:05  Tempest (Chrono Boost)  
  161  17:14  Stalker x8  
  167  17:19  Tempest (Chrono Boost)  
  163  17:37  Zealot x3  
  163  17:38  Zealot x5  
  147  18:00  Zealot x4  
  147  18:01  Zealot x2  
Show
View Real Time Build Order
Export as new Build Order

Geralt Protoss - Winner!

Build Orders: Oracle Opening 

Get SALT Encoding   

  12  0:00  Probe  
  13  0:12  Probe  
  14  0:17  Pylon  
  14  0:24  Probe (Chrono Boost)  
  16  0:37  Gateway, Probe (Chrono Boost)  
  16  0:42  Probe (Chrono Boost)  
  16  0:46  Assimilator  
  17  0:51  Probe  
  17  0:55  Assimilator  
  18  1:04  Probe (Chrono Boost)  
  19  1:08  Gateway  
  19  1:14  Probe (Chrono Boost)  
  20  1:18  Probe (Chrono Boost)  
  20  1:25  Cybernetics Core  
  21  1:30  Probe  
  22  1:37  Pylon  
  22  1:42  Probe  
  23  1:57  Probe  
  24  2:04  Adept  
  24  2:05  Stargate, Adept  
  28  2:10  Pylon  
  28  2:12  Probe  
  29  2:39  Nexus  
  32  2:52  Probe  
  32  2:54  Warp Gate  
  33  3:02  Pylon  
  32  3:19  Probe  
  31  3:23  Pylon  
  31  3:25  Pylon  
  31  3:28  Oracle (Chrono Boost)  
  31  3:31  Probe  
  30  3:40  Twilight Council  
  30  3:41  Forge  
  30  3:44  Probe  
  31  3:53  Probe  
  31  3:56  Oracle (Chrono Boost), Probe  
  35  4:05  Probe  
  35  4:08  Probe  
  37  4:17  Probe (Chrono Boost)  
  37  4:22  Probe (Chrono Boost)  
  39  4:26  Blink  
  39  4:27  Dark Shrine  
  39  4:29  Probe (Chrono Boost)  
  40  4:37  Probe (Chrono Boost)  
  40  4:38  Probe (Chrono Boost)  
  42  4:39  Pylon  
  42  4:41  Assimilator  
  42  4:43  Protoss Ground Weapons Level 1  
  42  4:44  Probe  
  43  4:50  Probe  
  44  4:55  Adept x2  
  44  4:56  Probe  
  49  5:04  Gateway  
  49  5:10  Gateway  
  49  5:11  Probe  
  49  5:13  Pylon, Probe  
  49  5:27  Probe x2  
  51  5:30  Gateway x2  
  49  5:39  Shield Battery  
  49  5:41  Dark Templar x2  
  53  5:46  Robotics Facility  
  53  5:49  Assimilator  
  53  5:51  Probe x2  
  56  6:04  Stalker  
  56  6:07  Nexus  
  56  6:35  Stalker x3  
  56  6:38  Robotics Bay  
  56  6:39  Robotics Facility  
  61  6:47  Pylon  
  61  6:52  Pylon  
  61  6:56  Probe  
  62  7:05  Probe  
  63  7:08  Probe  
  61  7:16  Immortal (Chrono Boost)  
  61  7:20  Probe  
  61  7:22  Photon Cannon  
  63  7:23  Photon Cannon  
  63  7:24  Shield Battery x2  
  63  7:27  Shield Battery, Photon Cannon  
  63  7:28  Disruptor (Chrono Boost)  
  63  7:29  Sentry x2, Pylon  
  70  7:32  Probe x2 (Chrono Boost)  
  70  7:33  Probe (Chrono Boost)  
  73  7:41  Disruptor (Chrono Boost)  
  76  7:44  Probe (Chrono Boost)  
  76  7:45  Probe x2 (Chrono Boost)  
  82  7:59  Disruptor (Chrono Boost), Stalker x2, Probe  
  82  8:00  Stalker  
  89  8:06  Probe x2  
  89  8:11  Probe  
  87  8:20  Disruptor (Chrono Boost)  
  87  8:25  Stalker x2  
  87  8:27  Zealot x3  
  88  8:39  Probe x3  
  91  8:42  Assimilator x2  
  91  8:51  Nexus, Probe x2  
  93  9:00  Pylon  
  93  9:01  Pylon  
  93  9:02  Pylon  
  93  9:03  Pylon  
  93  9:04  Protoss Ground Weapons Level 2 (Chrono Boost), Pylon  
  93  9:17  Disruptor x2 (Chrono Boost)  
  93  9:18  Probe  
  93  9:19  Photon Cannon  
  100  9:26  Probe  
  100  9:28  Pylon  
  100  9:29  Stalker x2  
  100  9:30  Stalker x3  
  111  9:38  Probe  
  111  9:39  Probe  
  113  9:46  Disruptor (Chrono Boost)  
  113  9:47  Observer (Chrono Boost)  
  113  9:49  Photon Cannon  
  113  9:50  Shield Battery  
  117  9:53  Stalker, Photon Cannon  
  117  9:59  Probe, Pylon  
  120  10:00  Photon Cannon  
  120  10:04  Stalker  
  120  10:05  Stalker  
  122  10:10  Probe (Chrono Boost)  
  122  10:12  Probe (Chrono Boost)  
  122  10:15  Probe (Chrono Boost)  
  125  10:21  Probe (Chrono Boost)  
  125  10:22  Probe (Chrono Boost)  
  125  10:23  Assimilator  
  125  10:24  Probe (Chrono Boost)  
  125  10:25  Probe (Chrono Boost)  
  125  10:26  Gateway  
  125  10:27  Assimilator, Probe (Chrono Boost)  
  125  10:28  Gateway, Probe (Chrono Boost)  
  129  10:29  Probe (Chrono Boost)  
  129  10:30  Probe (Chrono Boost)  
  129  10:33  Observer (Chrono Boost), Gravitic Boosters  
  133  10:36  Shadow Stride, Probe  
  133  10:39  Probe x2  
  133  10:40  Observer (Chrono Boost)  
  133  10:41  Probe  
  137  10:43  Stalker  
  137  10:46  Disruptor (Chrono Boost)  
  137  10:48  Probe  
  143  10:56  Probe  
  144  11:06  Nexus, Photon Cannon  
  144  11:09  Disruptor, Pylon  
  147  11:15  Unknown  
  147  11:17  Stargate  
  147  11:18  Protoss Shields Level 1 (Chrono Boost)  
  147  11:19  Pylon  
  147  11:22  Disruptor  
  150  11:30  Probe  
  150  11:31  Probe  
  152  11:45  Disruptor  
  155  11:47  Shield Battery  
  155  11:48  Photon Cannon  
  155  11:50  Shield Battery  
  155  11:51  Shield Battery  
  154  11:56  Dark Templar x8  
  154  11:58  Observer  
  170  12:15  Photon Cannon  
  170  12:18  Shield Battery  
  170  12:19  Observer, Pylon  
  170  12:21  Observer  
  172  12:29  Fleet Beacon  
  172  12:30  Stargate  
  172  12:44  Disruptor  
  170  12:49  Stalker x8  
  185  13:00  Observer  
  185  13:04  Observer  
  186  13:28  Mothership, Tempest  
  198  13:46  Disruptor  
  198  13:47  Disruptor  
  196  13:48  Stalker  
  196  13:49  Stalker  
  193  14:15  Probe  
  193  14:16  Tempest (Chrono Boost)  
  194  14:18  Protoss Ground Weapons Level 3 (Chrono Boost)  
  199  14:27  Nexus, Protoss Air Weapons Level 1  
  199  14:30  Pylon  
  199  14:32  Pylon  
  199  14:34  Gateway  
  199  14:35  Unknown, Gateway  
  199  14:37  Gateway x2  
  197  14:39  Disruptor  
  197  14:40  Gateway  
  197  14:42  Pylon  
  196  14:56  Oracle (Chrono Boost), Observer  
  199  15:27  Tempest  
  186  15:43  Tempest  
  187  16:03  Dark Templar  
  187  16:04  Dark Templar x5  
  198  16:23  Probe  
  186  16:39  Stalker x2  
  184  16:40  Stalker x6  
  196  16:49  Assimilator  
  196  16:51  Nexus  
  196  16:52  Pylon  
  194  16:56  Assimilator  
  179  17:06  Stalker x10  
  179  17:07  Stalker x2  
  198  17:13  Disruptor x2  
  194  17:43  Stalker x3  
  200  17:47  Photon Cannon  
  200  17:48  Photon Cannon  
  200  17:50  Shield Battery  
  200  17:51  Shield Battery  

Tags
 
Add a new tag
Caveats
  • Supply blocks, unpowered buildings, or Contaminate may cause inaccurate times.
  • Supply counts are checked every 10 seconds.